 Dungeon Crawl Stone Soup version 0.19.5 (webtiles) character file.

151 Hordtkhen the Shield-Bearer (level 5, -4/46 HPs)
             Began as a Minotaur Fighter on Apr 15, 2017.
             Slain by an ogre
             ... wielding a +0 giant spiked club
              (16 damage)
             ... on level 3 of the Dungeon.
             The game lasted 00:11:09 (1426 turns).

Hordtkhen the Shield-Bearer (Minotaur Fighter)      Turns: 1426, Time: 00:11:09

Health: -4/46      AC:  7    Str: 21    XL:     5   Next: 10%
Magic:  4/4        EV:  8    Int:  5    God:
Gold:   112        SH: 10    Dex: 10    Spells: 0 memorised, 4 levels left

rFire  . . .     SeeInvis .     a - +0 war axe
rCold  . . .     Gourm    .     b - +0 scale mail
rNeg   . . .     Faith    .     c - +0 shield
rPois  .         Spirit   .     (helmet restricted)
rElec  .         Reflect  .     (no cloak)
rCorr  .         Harm     .     (no gloves)
MR     .....                    (no boots)
Stlth  ..........               (no amulet)
                                (no ring)
                                (no ring)

@: no status effects
A: retaliatory headbutt, horns 2
a: no special abilities


You were on level 3 of the Dungeon.
You were hungry.

You visited 1 branch of the dungeon, and saw 3 of its levels.

You collected 112 gold pieces.

Inventory:

Hand Weapons
 a - a +0 war axe (weapon)
 d - a +1 vampiric dagger
 r - a +0 falchion
Missiles
 i - 29 arrows
 l - 24 bolts
 p - 4 tomahawks (quivered)
Armour
 b - a +0 scale mail (worn)
 c - a +0 shield (worn)
 s - a +0 helmet
Scrolls
 e - 4 scrolls of identify {unknown}
 k - 3 scrolls of magic mapping {unknown}
 o - a scroll of teleportation {unknown}
 q - a scroll of enchant armour {unknown}
 u - a scroll of amnesia {unknown}
 y - a scroll of immolation {unknown}
Potions
 g - a potion of curing {unknown}
 h - 2 potions of heal wounds {unknown}
 j - 2 potions of cure mutation {unknown}
 n - a potion of invisibility {unknown}
 t - 3 potions of brilliance {unknown}
Comestibles
 f - a bread ration
 v - 4 chunks of flesh
 w - a meat ration
 x - a royal jelly
 z - a slice of pizza


   Skills:
 + Level 4.3 Fighting
 + Level 3.9 Axes
 + Level 4.3 Armour
 + Level 0.9 Dodging
 + Level 5.0 Shields


You had 4 spell levels left.
You didn't know any spells.

Dungeon Overview and Level Annotations

Branches:
Dungeon (3/15)

Altars:


Innate Abilities, Weirdness & Mutations

You reflexively headbutt those who attack you in melee.
You have a pair of horns on your head.


Message History

Press: ? - help, v - describe, . - travel The floor.
You barely miss the ogre.
The ogre is moderately wounded.
The ogre hits you but does no damage.
You barely miss the ogre.
The ogre is moderately wounded.
The ogre hits you with a giant spiked club!!
The ogre hits you with a giant spiked club!!
* * * LOW HITPOINT WARNING * * *
Some of the chunks of flesh in your inventory have rotted away.
As you read the scroll labeled HABINN TAANERPH, it crumbles to dust.
You hear a loud clanging noise!
It was a scroll of noise.
You hear a shout! x3
A quokka comes into view.
As you read the scroll labeled CEXTEZ EPEVIW, it crumbles to dust.
You feel blessed for a moment.
It was a scroll of remove curse.
The ogre hits you with a giant spiked club!
You die...

.............#
.....<.......#
.............#
#r..........## #..
#............. #.#
#..........# #######..
#..........####........
#.....@O........##.....
#...............##.##.#
#######.........##.##.#
#.........##'##'#
#####................
+...)........#.......
######.......#.......
#.......########
#.......#


You could see an ogre and a quokka.

Vanquished Creatures
  Robin (D:2)
  4 adders
  3 oozes
  6 dart slugs
  A leopard gecko (D:1)
  2 ball pythons
  6 bats
  A giant cockroach (D:1)
  18 goblins
  9 hobgoblins
  7 jackals
  4 kobolds
  2 frilled lizards
  7 rats
71 creatures vanquished.

Notes
Turn   | Place    | Note
-------+----------+-------------------------------------------
     0 | D:1      | Hordtkhen the Minotaur Fighter began the quest for the Orb.
     0 | D:1      | Reached XP level 1. HP: 19/19 MP: 0/0
   166 | D:1      | Reached XP level 2. HP: 27/27 MP: 1/1
   242 | D:1      | Reached skill level 4 in Shields
   316 | D:1      | Reached XP level 3. HP: 25/33 MP: 2/2
   594 | D:1      | You fall through a shaft!
   796 | D:2      | Reached XP level 4. HP: 29/40 MP: 3/3
   800 | D:2      | Noticed Robin
   820 | D:2      | Killed Robin
  1319 | D:3      | Reached skill level 5 in Shields
  1320 | D:3      | Reached XP level 5. HP: 42/46 MP: 4/4
  1383 | D:3      | Noticed an ogre
  1426 | D:3      | Slain by an ogre

Skill      XL: |  1  2  3  4 |
---------------+-------------+-----
Shields        | 4 5 |  5.0
Armour         | 4 |  4.3
Fighting       | 4 |  4.3
Axes           | 3 |  3.9
Dodging        | |  0.9

Action                   |  1- 3 |  4- 6 || total
-------------------------+-------+-------++-------
Melee: War axe           |    77 |    65 ||   142
       Headbutt          |    10 |     6 ||    16
  Use: Potion            |       |     1 ||     1
       Scroll            |       |     2 ||     2
  Eat: Chunk             |       |     1 ||     1
Armor: Scale mail        |    27 |    32 ||    59
Dodge: Dodged            |    24 |    22 ||    46
Block: Shield            |    41 |    41 ||    82
